Map: Ultralove

Players

Imperius

  • Race: Terran Terran
  • Spawn Location: 1:00

VOD

Have the link to the VOD?

Description

Time

  • Played on: April 26, 2025, 12:31 a.m.
  • Length: 20:37
Show
View Real Time Build Order
Export as new Build Order

Imperius Terran 

Build Orders:  

Get SALT Encoding   

  12  0:01  SCV  
  13  0:29  SCV  
  14  0:33  Supply Depot  
  14  0:46  SCV  
  15  1:17  Supply Depot  
  15  1:47  SCV  
  16  1:56  Refinery  
  16  2:04  SCV  
  17  2:21  Barracks, SCV  
  18  2:38  SCV  
  19  3:32  Barracks  
  19  3:46  Command Center  
  19  4:09  SCV  
  20  4:26  SCV  
  21  4:43  SCV  
  22  4:54  Factory  
  22  5:00  SCV  
  23  5:11  Refinery  
  23  5:26  SCV  
  24  5:43  SCV  
  25  6:16  Factory Reactor  
  27  6:32  Reaper  
  27  6:33  Reaper  
  27  7:04  SCV  
  28  7:13  Refinery  
  28  7:17  Reaper  
  28  7:18  Reaper  
  30  7:20  SCV  
  31  7:37  SCV  
  32  7:49  Refinery  
  32  7:54  SCV  
  35  8:02  Reaper  
  35  8:03  Reaper  
  35  8:10  Supply Depot  
  35  8:11  SCV  
  36  8:28  SCV  
  37  8:42  Marine  
  37  8:43  Marine  
  37  8:45  SCV  
  40  9:02  SCV  
  40  9:07  Marine  
  40  9:08  Marine  
  43  9:19  SCV  
  44  9:32  Marine  
  44  9:33  Marine  
  46  10:24  Supply Depot  
  46  10:54  Hellion x2, Marine x2, SCV  
  46  10:56  Supply Depot  
  53  11:11  SCV  
  53  11:19  Marine  
  54  11:26  Hellion x2, Marine  
  54  11:28  Unknown, SCV  
  60  11:44  Marine, SCV  
  62  11:56  Marine  
  62  12:00  Hellion  
  62  12:01  SCV  
  62  12:06  Hellion  
  62  12:41  Marine  
  62  12:43  Marine  
  62  12:47  Hellion  
  61  13:08  Marine  
  62  13:18  Hellion  
  62  14:20  Unknown  
  62  14:23  Marine  
  59  14:48  Marine  
  60  14:50  Unknown  
  50  15:13  Marine x2  
  52  15:23  Widow Mine  
  52  15:38  Marine x2  
  56  16:03  Marine x2  
  58  16:28  Marine x2  
  60  16:42  Armory  
  60  16:52  Marine  
  60  16:53  Marine  
  60  17:11  Unknown  
  58  17:54  Terran Ship Weapons Level 1  
  58  18:00  Hellbat x2  
  62  19:19  Hellbat  
  62  19:21  Hellbat  
  62  19:28  Unknown  
  52  19:49  Hellbat  
  51  19:51  Hellbat  
Tags
 
Matchup
Co-op
Add a new tag
Caveats
  • Supply blocks, unpowered buildings, or Contaminate may cause inaccurate times.
  • Supply counts are checked every 10 seconds.